AoeStats
← 欢乐小菜鸟

Arena

506814545Analyzed
4v4 RM · 17d ago on Sep 15, 2026· 35m 54s· 8 players
Game mode
Random Map
Map size
Large (8 player)
Population
200
Speed
Normal
Resources
Standard
Victory
Conquest
Starting age
Dark Age
Ending age
Imperial Age
RankedLock teamsTeams togetherTeam positionsShared explorationLock speedFull tech treeHidden civsTurbo modeCheats
Victory
Defeat
🇮🇹 Aztecs · Italy
998
+18
🇨🇳 Franks · China
986
+19
🇰🇭 Khmer · Cambodia
954
+20
🇭🇰 Turks · Hong Kong SAR China
939
+21
🇷🇺 Teutons · Russia
1098
-21
🇨🇾 Italians · Cyprus
1053
-20
🇷🇺 Franks · Russia
1047
-20
🇩🇪 Ethiopians · Germany
983
-17
欢乐小菜鸟
12:16 Feudal Age
16:11 Castle Age
14:28 Double-Bit Axe
17:24 Bow Saw
18:44 Wheelbarrow
23:15 Hand Cart
29:05 Imperial Age
26:20 Loom
26:21 Town Watch
26:43 Scale Barding Armor
27:56 Chain Barding Armor
27:37 Gold Mining
28:19 Husbandry
28:31 Forging
29:17 Cavalier
30:59 Gold Shaft Mining
30:14 Stone Mining
31:58 Plate Barding Armor
32:15 Iron Casting
31:49 Paladin
35:48 Blast Furnace
Shin Kawashima
8:12 Loom
10:39 Feudal Age
11:41 Horse Collar
17:01 Castle Age
24:03 Imperial Age
21:43 Double-Bit Axe
21:49 Gold Mining
22:02 Heavy Plow
22:18 Padded Archer Armor
23:14 Leather Archer Armor
23:17 Bow Saw
31:34 Stone Mining
32:24 Gold Shaft Mining
33:53 Ring Archer Armor
34:27 Scale Barding Armor
34:33 Forging
anikul73
14:49 Feudal Age
20:10 Castle Age
20:24 Pikeman
27:46 Town Watch
35:49 Imperial Age
infernal_AK
12:09 Feudal Age
16:46 Castle Age
15:08 Double-Bit Axe
16:26 Wheelbarrow
16:22 Horse Collar
18:55 Bow Saw
29:03 Gold Mining
35:34 Forging
35:24 Scale Mail Armor
Artem
0:46 Loom
11:26 Feudal Age
15:57 Castle Age
14:14 Horse Collar
14:35 Double-Bit Axe
16:27 Stone Mining
16:28 Gold Mining
17:04 Bow Saw
17:26 Stone Mining
18:52 Heavy Plow
22:26 Wheelbarrow
23:16 Squires
23:01 Arson
23:02 Gambesons
23:29 Gold Mining
26:16 Forging
26:07 Scale Mail Armor
27:06 Scale Mail Armor
28:38 Iron Casting
28:28 Chain Mail Armor
31:25 Fletching
33:54 Hand Cart
33:30 Town Watch
snake11
11:39 Feudal Age
16:04 Castle Age
14:00 Double-Bit Axe
14:20 Horse Collar
16:27 Loom
16:39 Fletching
16:43 Gold Mining
19:06 Bow Saw
20:24 Crossbowman
23:47 Wheelbarrow
25:29 Ballistics
26:16 Bodkin Arrow
26:22 Padded Archer Armor
26:45 Thumb Ring
28:54 Hand Cart
34:16 Imperial Age
33:13 Town Watch
34:00 Leather Archer Armor
fuita
4:59 Loom
12:30 Feudal Age
17:38 Castle Age
16:12 Horse Collar
16:42 Gold Mining
16:48 Double-Bit Axe
20:30 Fletching
26:29 Heavy Plow
26:47 Bodkin Arrow
26:53 Padded Archer Armor
31:21 Imperial Age
29:12 Stone Mining
30:17 Ballistics
30:15 Leather Archer Armor
nak
11:13 Feudal Age
13:17 Double-Bit Axe
15:51 Castle Age
20:31 Fervor
22:40 Bow Saw
23:15 Fletching
22:51 Pikeman
27:49 Husbandry
29:52 Wheelbarrow
31:05 Bodkin Arrow
34:39 Imperial Age
32:27 Scale Barding Armor
34:07 Chain Barding Armor
33:58 Forging
Connection lost

Rejoining the realm…

Still unreachable

The connection could not be restored.

Session expired

The server has moved on; the page needs a fresh start.